 Dungeon Crawl Stone Soup version 0.32-a0-673-g3729bd50f8 (webtiles) character file.

Game seed: 10313592149217044065

141441 Armakuni the Scorcher (level 17, 91/115 HPs)
             Began as a Human Artificer on Mar 9, 2024.
             Was an Initiate of Gozag.
             Quit the game on level 4 of the Shoals on Mar 10, 2024.
             The game lasted 01:54:03 (36070 turns).

Armakuni the Scorcher (Human Artificer)            Turns: 36070, Time: 01:54:04

Health: 91/115     AC: 14    Str: 17    XL:     17   Next: 33%
Magic:  7/45       EV: 14    Int: 21    God:    Gozag
Gold:   549        SH:  0    Dex: 20    Spells: 19/46 levels left

rFire   . . .        a - staff of air
rCold   . . .        (no shield)
rNeg    . . .        U - +3 leather armour {rPois}
rPois   +            q - +2 helmet {Int+3}
rElec   +            e - scarf {repulsion}
rCorr   .            l - +2 pair of gloves of Xeggen {Str+2 Dex+3 Stlth+}
SInv    .            G - +0 pair of boots of Amorality {rF- MP+9 Str+2 Dex+2 Slay+3}
Will    +....        (no amulet)
Stlth   +++          F - ring of protection from fire
HPRegen 0.39/turn    O - ring of wizardry
MPRegen 0.29/turn

%: repel missiles, wizardry (x1)
@: no status effects
A: explore regen
a: Renounce Religion, Potion Petition, Call Merchant, Bribe Branch


You were on level 4 of the Shoals.
You worshipped Gozag.
Gozag was pleased with you.
You visited 5 branches of the dungeon, and saw 27 of its levels.
You also visited: Ossuary.

You collected 9664 gold pieces.
You spent 5291 gold pieces at shops.
You paid 3824 gold pieces to Gozag.

Inventory:

Hand Weapons
 b - a +5 demon whip of electrocution
Missiles
 N - 4 throwing nets
Armour
 e - a scarf of repulsion (worn)
 k - the +1 buckler "Oseah" {Str+3}
   (You found it on level 5 of the Lair of Beasts)

   Str+3:     It affects your strength (+3).
 l - the +2 pair of gloves of Xeggen (worn) {Str+2 Dex+3 Stlth+}
   (You bought it in a shop on level 2 of the Orcish Mines)

   Str+2:     It affects your strength (+2).
   Dex+3:     It affects your dexterity (+3).
   Stlth+:    It makes you more stealthy.
 q - a +2 helmet of intelligence (worn)
 x - the +0 ring mail of Shadows and Fog {rPois rN+ Will+ Dex-2}
   (You found it on level 13 of the Dungeon)

   Dex-2:     It affects your dexterity (-2).
   rPois:     It protects you from poison.
   rN+:       It protects you from negative energy.
   Will+:     It increases your willpower.
 G - the +0 pair of boots of Amorality (worn) {rF- MP+9 Str+2 Dex+2 Slay+3}
   (You found it on level 3 of the Dungeon)

   Str+2:     It affects your strength (+2).
   Dex+2:     It affects your dexterity (+2).
   Slay+3:    It affects your accuracy & damage with ranged weapons and melee
   (+3).
   rF-:       It makes you vulnerable to fire.
   MP+9:      It affects your magic capacity (+9).
 U - a +3 leather armour of poison resistance (worn)
Magical Staves
 a - a staff of air (weapon)
 L - a staff of conjuration
Jewellery
 C - a ring of willpower
 F - a ring of protection from fire (left hand)
 I - a ring of see invisible
 O - a ring of wizardry (right hand)
 P - a ring of poison resistance
Wands
 c - a wand of charming (31)
 p - a wand of polymorph (6)
 s - a wand of quicksilver (4)
 w - a wand of warping (13)
 V - a wand of flame (9)
Scrolls
 f - 4 scrolls of immolation
 g - a scroll of poison
 h - 6 scrolls of vulnerability
 i - 4 scrolls of blinking
 j - a scroll of noise
 m - 6 scrolls of fear
 n - 12 scrolls of teleportation
 t - 4 scrolls of identify
 u - 3 scrolls of amnesia
 A - 4 scrolls of revelation
 T - 2 scrolls of fog
Potions
 d - a potion of attraction
 o - 5 potions of might
 r - 2 potions of mutation
 v - 3 potions of curing
 z - a potion of magic
 B - 6 potions of lignification
 D - a potion of haste
 E - 2 potions of heal wounds
 H - 2 potions of ambrosia
 K - a potion of brilliance
 Q - a potion of invisibility
 S - 2 potions of enlightenment
Miscellaneous
 J - a phantom mirror
 M - a lightning rod (4/4)


   Skills:
 - Level 5.0 Fighting
 - Level 7.0 Staves
 - Level 5.0 Armour
 - Level 5.0 Dodging
 - Level 1.0 Stealth
 - Level 4.0 Shields
 - Level 15.0 Spellcasting
 - Level 10.0 Conjurations
 - Level 4.0 Translocations
 + Level 15.9 Fire Magic
 - Level 3.0 Ice Magic
 - Level 10.0 Air Magic
 - Level 4.0 Alchemy
 - Level 10.0 Evocations


You had 19 spell levels left.
You knew the following spells:

 Your Spells              Type           Power      Damage    Failure   Level
a - Apportation           Tloc           64%        N/A       1%          1
j - Freezing Cloud        Conj/Ice/Air   32%        6-21      2%          5
l - Lesser Beckoning      Tloc           64%        N/A       1%          2
m - Iskenderun's Mystic   Conj/Tloc      45%        2d10      1%          4
p - Plasma Beam           Fire/Air       40%        2x1d54    1%          6
r - Iskenderun's Battles  Conj           55%        2d11      1%          5
s - Sticky Flame          Fire/Alch      55%        2d10      1%          4

Your spell library contained the following spells:

 Spells                   Type           Power      Damage    Failure   Level
 Freeze                   Ice            100%       1d10      1%          1
 Necrotise                Necr           60%        1d7       1%          1
 Sting                    Conj/Alch      100%       1d9       1%          1
 Summon Small Mammal      Summ           60%        N/A       1%          1
 Cigotuvi's Dreadful Rot  Necr/Alch/Air  100%       N/A       1%          2
 Mercury Vapours          Alch/Air       100%       N/A       1%          2
 Static Discharge         Conj/Air       100%       3-8/arc   1%          2
 Gell's Gravitas          Tloc           32%        N/A       1%          3
 Hailstorm                Conj/Ice       43%        3d9       1%          3
 Inner Flame              Hex/Fire       49%        N/A       1%          3
 Mephitic Cloud           Conj/Alch/Air  65%        N/A       1%          3
 Flame Wave               Conj/Fire      63%        2d15      1%          4
 Summon Blazeheart Golem  Fire/Summ      49%        N/A       1%          4
 Call Imp                 Summ           30%        N/A       2%          2
 Sublimation of Blood     Necr           15%        N/A       2%          2
 Summon Ice Beast         Ice/Summ       22%        N/A       3%          3
 Manifold Assault         Tloc           32%        N/A       3%          4
 Passage of Golubria      Tloc           32%        N/A       3%          4
 Call Canine Familiar     Summ           15%        N/A       6%          3
 Silence                  Hex/Air        26%        N/A       6%          5
 Dispel Undead            Necr           15%        3d10      17%         4
 Martyr's Knell           Necr/Summ      15%        N/A       17%         4
 Bombard                  Conj/Erth      18%        9d4       32%         6
 Sculpt Simulacrum        Ice/Alch       15%        N/A       52%         6
 Spellforged Servitor     Conj/Summ      18%        N/A       86%         7
 Death Channel            Necr           7%         N/A       93%         6
 Ozocubu's Refrigeration  Ice            14%        4d10      98%         7
 Summon Hydra             Summ           7%         N/A       100%        7
 Polar Vortex             Ice            14%        12d1*     100%        9


Dungeon Overview and Level Annotations

Branches:
Dungeon (15/15)            Temple (1/1) D:7            Lair (5/5) D:10
 Shoals (4/4) Lair:2       Spider (0/4) Lair:2        Slime (0/5) Lair:5
    Orc (2/2) D:12            Elf (0/3) Orc:2        Vaults (0/5) D:14
 Depths (0/4) D:15        Ossuary (visited)

Altars:
Ashenzari
Cheibriados
Dithmenos
Elyvilon
Fedhas
Gozag
Hepliaklqana
Kikubaaqudgha
Makhleb
Nemelex Xobeh
Okawaru
Qazlal
Ru
Sif Muna
Trog
Uskayaw
Vehumet
Wu Jian
Xom
Yredelemnul
Zin
The Shining One
Beogh

Shops:
D:7 =   D:8 *   D:9 (:   D:10 =   Orc:1 [   Orc:2 =?=[   Lair:1 [?   Shoals:2 ?
Shoals:3 ?

Annotations:
D:3 3 runed translucent doors, CoupDeGrace's ghost, amateur DrWn
D:5 2 transporters, Alarak's ghost, novice DsAl
D:15 1 runed translucent door, Pionit's ghost, journeyman GrEE
Lair:2 exclusion: downstairs


Innate Abilities, Weirdness & Mutations

You regain HP and MP as you explore.


Message History

The air elemental fires a burst of electricity at you.
The stunning burst hits you. You resist.
The stunning burst hits the plant!
The plant begins to die.
The plant is paralysed.
A wind drake comes into view.
You hit the air elemental.
The air elemental is lightly damaged.
The plant is no longer paralysed.
The air elemental hits you! The air elemental closely misses you.
A merfolk impaler comes into view. It is wielding a +2 trident of venom.
You hit the air elemental but do no damage.
The air elemental is lightly damaged.
The air elemental closely misses you. x2
The wind drake flaps its wings at you. The air twists around and strikes you.
You closely miss the air elemental.
The air elemental is lightly damaged.
The air elemental misses you.
The air elemental fires a burst of electricity at you.
The stunning burst is repelled.
The stunning burst hits the plant!
The plant is paralysed.
The air elemental fires a burst of electricity at you.
The stunning burst hits you but does no damage.
You resist.
You suddenly lose the ability to move!
The stunning burst hits your battlesphere.
Your battlesphere completely resists.
The stunning burst hits the plant!
The plant is no longer paralysed.
The air elemental hits you! The air elemental hits you.
You can move again.
You hit the air elemental.
The air elemental is moderately damaged.
A nearby plant withers and dies.
The air elemental fires a burst of electricity at you.
The stunning burst is repelled.
The stunning burst hits your battlesphere.
Your battlesphere completely resists.
The air elemental hits you but does no damage.
Are you sure you want to abandon this character and quit the game? (Confirm with "yes".)
Okay, then.
Are you sure you want to abandon this character and quit the game? (Confirm with "yes".)

#.......PP..#
#...##'##..P#
#..##~~~##..# #.
#~~~~~#..# #
#~~<~~#..#
#~~~~~#P.#
##~~~##..#
.#####..*#########
..........@Em$m$..,
####P........k..$.,
###############


You could see 2 merfolk impalers, a wind drake (repels missiles), an air
elemental (ally target) and a friendly battlesphere.

Vanquished Creatures
  Saint Roka (Orc:2)
  A fire giant (D:15)
  An orc warlord (Orc:1)
  An ironbound preserver (D:14)
  4 merfolk impalers
  An ice dragon (Lair:3)
  4 hydras
  5 centaur warriors
  2 catoblepae
  4 merfolk avatars
  An alligator snapping turtle (Shoals:3)
  3 boulder beetles
  A satyr (Shoals:3)
  2 merfolk aquamancers
  3 death yaks (Lair:3)
  5 two-headed ogres
  A tengu warrior (D:14)
  4 orc high priests
  9 skysharks
  Amaemon (D:9)
  7 skeletal warriors
  A goliath frog (Lair:5)
  9 sea snakes
  14 harpies
  6 orc sorcerers
  4 deep elf pyromancers
  A sphinx simulacrum (D:15)
  4 orc knights (Orc:2)
  7 fauns (Shoals:3)
  14 ugly things
  3 cyclopes
  14 manticores
  7 meliai
  8 kobold blastminers
  6 elephants
  A torpor snail (Lair:2)
  5 black mambas
  A gargoyle (D:14)
  4 merfolk sirens
  An ice statue (Lair:3)
  A cane toad (shapeshifter) (D:15)
  8 water nymphs
  An orange demon (D:9)
  17 cane toads
  3 unseen horrors
  Jeremiah (D:8)
  An efreet (D:14)
  A freezing wraith (D:15)
  A kobold demonologist (D:13)
  9 komodo dragons
  2 rime drakes (Lair:3)
  14 merfolk
  2 tyrant leeches (Lair:5)
  6 trolls
  2 hornets
  A polar bear (Lair:3)
  4 wind drakes
  2 meliai zombies (D:12)
  7 dream sheep
  3 culicivoras (Lair:2)
  2 snapping turtles
  23 blink frogs
  A centaur simulacrum (D:14)
  19 slime creatures
  A culicivora (shapeshifter) (D:14)
  4 shadows
  61 yaks
  2 jumping spiders
  2 wraiths
  A vampire (D:11)
  2 wyverns
  5 basilisks
  10 water elementals
  3 wargs
  2 redbacks (Lair:2)
  5 steam dragons
  13 vampire mosquitoes
  3 two-headed ogre zombies (Orc:1)
  An acid dragon (D:9)
  20 water moccasins
  A sky beast (D:7)
  5 ice beasts
  A black bear (D:10)
  2 laughing skulls (D:15)
  20 orc warriors
  4 ogres
  10 wolves
  9 centaurs
  2 phantoms (D:12)
  A kobold brigand (D:7)
  19 bullfrogs
  A gnoll sergeant (D:12)
  5 elf zombies (Ossuary)
  3 scorpions
  4 wights
  10 killer bees
  2 troll zombies (D:12)
  9 howler monkeys
  4 electric eels (Lair:4)
  A vampire bat (D:4)
  11 centaur zombies
  3 lava snakes (Lair:4)
  8 jellies
  14 orc priests
  4 hounds
  Ijyb (D:5)
  3 iguanas
  16 orc wizards
  16 ogre zombies
  4 hound zombies (Ossuary)
  2 mummies (Ossuary)
  3 gnolls (D:12)
  6 adders
  A river rat (D:8)
  6 white imps
  2 ufetubi (D:7)
  4 adder zombies (Ossuary)
  2 dart slugs (D:2)
  4 fire bats
  A ribbon worm (D:3)
  63 orcs
  2 spectral bats (D:4)
  4 ball pythons
  14 bats
  3 bat skeletons (D:4)
  A bat zombie (D:4)
  8 endoplasms
  A giant cockroach (D:2)
  6 gnoll zombies
  3 goblins (D:2)
  5 hobgoblins
  3 jackals (D:4)
  5 quokkas
  A bat simulacrum (D:4)
  2 frilled lizards (D:1)
  2 gnoll skeletons (D:12)
  5 jackal zombies (Ossuary)
  4 kobolds
  6 kobold zombies (Ossuary)
  4 orc skeletons (D:12)
  25 orc zombies
  A rat (D:2)
829 creatures vanquished.

Vanquished Creatures (collateral kills)
  A death yak (Lair:3)
  A cyclops (D:9)
  A shadow (D:9)
  Menkaure (D:7)
  A water moccasin (D:6)
  A bullfrog (D:6)
  A wight (D:7)
  A killer bee (D:7)
  A hound (D:6)
  A jelly (D:7)
  A gnoll bouda (D:6)
  An orc priest (D:5)
  An iguana (D:4)
  2 orcs (D:5)
  An endoplasm (D:1)
  A frilled lizard (D:1)
17 creatures vanquished.

Vanquished Creatures (others)
  A water moccasin (D:6)
  A gnoll sergeant (D:7)
  A wight (D:7)
  A hound (D:6)
  An orc wizard (D:5)
  2 adders
7 creatures vanquished.

Grand Total: 853 creatures vanquished

Notes
Turn   | Place    | Note
-------+----------+-------------------------------------------
     0 | D:1      | Armakuni the Human Artificer began the quest for the Orb.
     0 | D:1      | Reached XP level 1. HP: 15/15 MP: 1/1
   237 | D:1      | Reached XP level 2. HP: 21/21 MP: 2/2
   704 | D:2      | Reached XP level 3. HP: 26/26 MP: 3/3
   727 | D:2      | Reached skill level 1 in Staves
   890 | D:2      | Reached XP level 4. HP: 32/32 MP: 4/4
   995 | D:2      | Identified the +2 robe "Vuzuj" {Slay+3}
  1423 | D:3      | Found a runed translucent gate.
  1424 | D:3      | Found a runed translucent gate.
  1425 | D:3      | Found a runed translucent gate.
  1425 | D:3      | Noticed CoupDeGrace's ghost (amateur DrWn)
  1463 | D:3      | Found a burning altar of Makhleb.
  1473 | D:3      | Identified the +0 pair of boots of Amorality {rF- MP+9
                  | Str+2 Dex+2 Slay+3}
  1672 | D:3      | Found a faded altar of an unknown god.
  1688 | D:3      | Found a hazy altar of Hepliaklqana.
  1844 | D:4      | Reached XP level 5. HP: 22/37 MP: 5/5
  1923 | D:4      | Reached skill level 5 in Evocations
  2335 | D:4      | Reached XP level 6. HP: 43/43 MP: 6/6
  2345 | D:4      | Learned a level 4 spell: Sticky Flame
  2485 | D:4      | Found a blossoming altar of Fedhas.
  3420 | D:5      | Entered Level 5 of the Dungeon
  3454 | D:5      | Learned a level 1 spell: Apportation
  3551 | D:5      | Got the Essays on the Birds and Bodies
  3568 | D:5      | Reached XP level 7. HP: 27/48 MP: 7/7
  3667 | D:5      | Found a transporter.
  3670 | D:5      | Noticed Alarak's ghost (novice DsAl)
  3671 | D:5      | Found a transporter.
  3816 | D:5      | Noticed Ijyb
  3852 | D:5      | Killed Ijyb
  4315 | D:6      | Reached XP level 8. HP: 38/54 MP: 8/8
  4397 | D:6      | Identified the +1 robe "Xoutul" {*Corrode rF+ Str+3 Slay+2}
  4878 | D:6      | Reached skill level 10 in Evocations
  4997 | D:6      | Found a shimmering altar of Xom.
  4998 | D:6      | Found a shimmering altar of Xom.
  5565 | D:7      | Found a staircase to the Ecumenical Temple.
  5574 | Temple   | Entered the Ecumenical Temple
  5603 | Temple   | Became a worshipper of Gozag Ym Sagoz the Greedy
  5672 | D:7      | Reached XP level 9. HP: 59/59 MP: 9/9
  5706 | D:7      | Found a sand-covered staircase.
  5711 | Ossuary  | Entered an ossuary
  5883 | Ossuary  | Reached skill level 5 in Air Magic
  6451 | D:7      | Noticed Menkaure
  6469 | D:7      | Killed Menkaure
  7220 | D:8      | Noticed a two-headed ogre
  7231 | D:8      | Killed a two-headed ogre
  7232 | D:8      | Reached XP level 10. HP: 65/65 MP: 10/10
  7237 | D:7      | Learned a level 2 spell: Static Discharge
  7353 | D:8      | Found Vesse Yvi's General Store.
  7359 | D:8      | Bought a wand of mindburst (7) for 156 gold pieces
  7526 | D:8      | Noticed Jeremiah
  7530 | D:8      | Reached skill level 10 in Air Magic
  7532 | D:8      | Reached skill level 1 in Conjurations
  7737 | D:8      | Killed Jeremiah
  8159 | D:9      | Found a broken altar of Ashenzari.
  8180 | D:9      | Noticed Amaemon
  8209 | D:9      | Reached skill level 5 in Conjurations
  8216 | D:9      | Killed Amaemon
  8219 | D:9      | Noticed an orange demon
  8235 | D:9      | Killed an orange demon
  8453 | D:9      | Reached XP level 11. HP: 16/70 MP: 12/12
  8643 | D:9      | Noticed a two-headed ogre
  8731 | D:9      | Reached skill level 1 in Spellcasting
  8945 | D:9      | Killed a two-headed ogre
  9130 | D:9      | Learned a level 5 spell: Freezing Cloud
  9215 | D:9      | Noticed a catoblepas
  9215 | D:9      | Noticed a two-headed ogre
  9215 | D:9      | Noticed a cyclops
  9215 | D:9      | Noticed a cyclops
  9268 | D:9      | Killed a cyclops
  9483 | D:9      | Found Nuinuh's Tremendous Tomes.
  9509 | D:10     | Entered Level 10 of the Dungeon
  9652 | D:10     | Noticed a two-headed ogre
  9672 | D:10     | Killed a two-headed ogre
  9868 | D:10     | Reached skill level 5 in Spellcasting
  9962 | D:10     | Found a snail-covered altar of Cheibriados.
 10129 | D:10     | Found a staircase to the Lair.
 10137 | D:10     | Reached skill level 10 in Conjurations
 10189 | D:10     | Reached skill level 1 in Ice Magic
 10194 | D:10     | Reached XP level 12. HP: 67/76 MP: 21/21
 10752 | D:9      | Found Judwunk's Weapon Boutique.
 10899 | Lair:1   | Entered Level 1 of the Lair of Beasts
 12129 | Lair:2   | Noticed a skyshark
 12134 | Lair:2   | Killed a skyshark
 12146 | Lair:2   | Noticed a catoblepas
 12158 | Lair:2   | Killed a catoblepas
 12350 | Lair:2   | Reached skill level 10 in Spellcasting
 12468 | Lair:2   | Found a hole to the Spider Nest.
 12488 | Lair:2   | Reached skill level 1 in Fire Magic
 12952 | Lair:2   | Reached skill level 5 in Fire Magic
 12974 | Lair:2   | Found a staircase to the Shoals.
 13244 | Lair:2   | Reached XP level 13. HP: 50/81 MP: 26/27
 14226 | Lair:1   | Bought a scroll of teleportation for 42 gold pieces
 14226 | Lair:1   | Bought a scroll of poison for 56 gold pieces
 14551 | Lair:3   | Noticed an ice dragon
 15204 | Lair:3   | Killed an ice dragon
 15320 | Lair:3   | Reached skill level 1 in Translocations
 15348 | Lair:3   | Reached skill level 10 in Fire Magic
 15948 | Lair:3   | Reached skill level 1 in Alchemy
 16383 | D:9      | Bought the Essays on Angles and Snow for 896 gold pieces
 16510 | Lair:4   | Learned a level 4 spell: Iskenderun's Mystic Blast
 16846 | Lair:4   | Learned a level 5 spell: Iskenderun's Battlesphere
 17867 | Lair:5   | Entered Level 5 of the Lair of Beasts
 18045 | Lair:4   | Reached XP level 14. HP: 62/91 MP: 28/28
 18415 | Lair:5   | Reached skill level 5 in Staves
 18781 | Lair:5   | Found a staircase to the Slime Pits.
 18798 | Lair:5   | Reached skill level 5 in Fighting
 18814 | Lair:5   | Reached skill level 5 in Dodging
 19004 | Lair:5   | Identified the +1 buckler "Oseah" {Str+3}
 19505 | Lair:5   | Reached skill level 1 in Shields
 19962 | D:9      | Bought the Opusculum on Austromancy and the Tundra for 1120
                  | gold pieces
 19969 | D:9      | Learned a level 6 spell: Plasma Beam
 20963 | D:12     | Found a staircase to the Orcish Mines.
 21709 | D:12     | Found a basalt altar of Yredelemnul.
 22040 | D:12     | Reached XP level 15. HP: 71/103 MP: 29/29
 22145 | D:12     | Identified the +1 ring mail of a Gauntlet {Dex+6}
 22802 | Orc:1    | Entered Level 1 of the Orcish Mines
 22895 | Orc:1    | Found Ytask's Armour Shop.
 22903 | Orc:1    | Bought a +1 helmet of see invisible for 297 gold pieces
 23120 | Orc:1    | Found a roughly hewn altar of Beogh.
 23503 | Orc:1    | Noticed an orc warlord
 23531 | Orc:1    | Killed an orc warlord
 24235 | Orc:2    | Entered Level 2 of the Orcish Mines
 24305 | Orc:2    | Noticed Saint Roka
 24512 | Orc:2    | Found a bloodstained altar of Trog.
 24573 | Orc:2    | Killed Saint Roka
 24837 | Orc:2    | Found a staircase to the Elven Halls.
 25992 | Orc:2    | Found Wigh's Armour Boutique.
 25992 | Orc:2    | Found Lattygg's Jewellery Boutique.
 25994 | Orc:2    | Found Kineni's Magic Scroll Emporium.
 25994 | Orc:2    | Found Wael's Jewellery Emporium.
 26132 | Orc:2    | Bought the +2 pair of gloves of Xeggen {Str+2 Dex+3 Stlth+}
                  | for 487 gold pieces
 26145 | Orc:2    | Bought a +1 helmet of intelligence for 231 gold pieces
 26161 | Orc:2    | Bought a scroll of blinking for 120 gold pieces
 26161 | Orc:2    | Bought a scroll of revelation for 120 gold pieces
 26164 | Orc:2    | Bought a scroll of amnesia for 64 gold pieces
 26379 | D:7      | Bought a ring of poison resistance for 220 gold pieces
 27394 | D:13     | Identified the +0 ring mail of Shadows and Fog {rPois rN+
                  | Will+ Dex-2}
 28006 | D:14     | Reached skill level 5 in Armour
 28322 | D:14     | Reached XP level 16. HP: 98/109 MP: 10/33
 28610 | D:14     | Found a gate to the Vaults.
 28776 | D:14     | You fall into a shaft and drop 1 floor!
 28776 | D:15     | Entered Level 15 of the Dungeon
 28777 | D:15     | Found a runed translucent door.
 28820 | D:14     | Found a broken altar of Ashenzari.
 29294 | D:15     | Found a staircase to the Depths.
 29340 | D:15     | Learned a level 2 spell: Lesser Beckoning
 29777 | D:15     | Noticed Pionit's ghost (journeyman GrEE)
 30234 | D:15     | Upgraded the game from 0.32-a0-665-g3d30ec2550 to
                  | 0.32-a0-673-g3729bd50f8
 30394 | Lair:1   | Bought +1 steam dragon scales for 705 gold pieces
 30474 | Shoals:1 | Entered Level 1 of the Shoals
 30585 | Lair:2   | Reached skill level 15 in Spellcasting
 32001 | Shoals:2 | Found Ehasaf's Magic Scroll Boutique.
 32117 | Shoals:2 | Bought a scroll of blinking for 75 gold pieces
 32117 | Shoals:2 | Bought a scroll of brand weapon for 95 gold pieces
 32125 | Shoals:2 | Bought a scroll of revelation for 75 gold pieces
 32125 | Shoals:2 | Bought a scroll of teleportation for 30 gold pieces
 32125 | Shoals:2 | Bought a scroll of teleportation for 30 gold pieces
 32125 | Shoals:2 | Bought a scroll of enchant weapon for 75 gold pieces
 32125 | Shoals:2 | Bought a scroll of enchant weapon for 75 gold pieces
 34036 | Shoals:3 | Reached XP level 17. HP: 115/115 MP: 3/36
 34682 | Shoals:3 | Reached skill level 15 in Fire Magic
 34724 | Shoals:3 | Found Xuokaudawu's Magic Scroll Shoppe.
 34733 | Shoals:3 | Bought a scroll of immolation for 56 gold pieces
 34733 | Shoals:3 | Bought a scroll of enchant armour for 105 gold pieces
 34733 | Shoals:3 | Bought a scroll of enchant weapon for 105 gold pieces
 35124 | Shoals:3 | Bought a scroll of fog for 56 gold pieces
 35478 | Shoals:3 | Identified the +8 mace of Adverse Possession {pain, rN+
                  | Will+ MP+9}
 36024 | Shoals:4 | Entered Level 4 of the Shoals
 36067 | Shoals:4 | Paralysed by an air elemental for 1 turns
 36070 | Shoals:4 | Quit the game

Illustrated notes

Levels and vault maps discovered:
D:1:      kennysheep_arrival_forest, layout_rooms
D:2:      layout_rooms, serial_forest, infiniplex_forest_lined_2,
          infiniplex_forest_lined_room_, infiniplex_forest_end_3,
          infiniplex_forest_zigzag_1, infiniplex_forest_end_double,
          infiniplex_forest_lined_3_way, infiniplex_forest_end_double,
          grunt_ministairs_2
D:3:      layout_rooms, old_standard_altar, nicolae_overflow_ecumenical_swirl,
          gammafunk_ghost_split
D:4:      layout_loops_corners, fedhas_altar_decomposition, goddamned_bats
D:5:      layout_loops_ring, gammafunk_ghost_mausoleum, uniq_ijyb
D:6:      minmay_recursive_quarters, layout_loops_ring, xom_redecorated,
          ebering_dispersal_statue_hall, solitary_fountain,
          minmay_strange_pillars
D:7:      minmay_polygon_palace, layout_basic, temple_fountains,
          enter_ossuary_5, uniq_menkaure
D:8:      layout_rooms, serial_shops, nicolae_square_shop,
          amcnicky_mini_pool_medium, uniq_jeremiah
D:9:      layout_roguey, lemuel_doored_altar, serial_shops,
          kennysheep_little_box, nicolae_shop_i_like_big_books,
          nicolae_doodle_vault, uniq_amaemon
D:10:     layout_gridville, cheibriados_altar_1, grunt_lair_entry_orc_guard_hut,
          serial_glass, glass_columns_b, glass_columns_a
D:11:     layout_grid_maze
D:12:     layout_loops_ring, zombieorc2_lemuel, nicolae_yredelemnul_corpse_copse
D:13:     layout_gridville
D:14:     layout_cave_pools, skrybe_vaults_entry_preservation, minivault_24,
          evilmike_ruin_ashenzari
D:15:     grunt_enter_depths_giant_problem, layout_rooms,
          minmay_misc_feat_pillars, hellmonk_ghost_happy_afterlife
Temple:   kb_temple_of_zot
Lair:1:   gammafunk_indiana_jones, layout_concentric_octagons,
          grunt_megastairs_4, serial_bayou_shore_b
Lair:2:   layout_regular_city, minmay_shoals_entry_beasts,
          nicolae_spider_entry_tight_spaces
Lair:3:   nzn_motion_control, layout_regular_city, ice2_lemuel
Lair:4:   layout_layer_cave, nicolae_lair_liquid_snakes
Lair:5:   minmay_lair_end_frog_pond, layout_regular_city,
          nicolae_slime_entry_slimehenge
Shoals:1: layout_shoals
Shoals:2: layout_shoals, serial_shops, nicolae_shop_crystal,
          nicolae_shoals_former_cling_ruins
Shoals:3: layout_shoals, serial_shops, shop
Shoals:4: shoals_end_hellmonk_storm_palace [storm_palace_center_square,
          storm_palace_corner_pillars, storm_palace_corner_reverse_hut,
          storm_palace_corner_grid, storm_palace_corner_altar]
Orc:1:    lemuel_ogre_cave, layout_diamond_mine, basic_altar, serial_shops,
          nicolae_shop_tiny_statue_garden
Orc:2:    st_orc_elflike, layout_diamond_mine, basic_altar, uniq_saint_roka

Skill      XL: |  1  2  3  4  5  6  7  8  9 10 11 12 13 14 15 16 17 |
---------------+----------------------------------------------------+-----
Staves         | 1 2 3 4 7 |  7.0
Evocations     | 4 5 6 8 10 | 10.0
Air Magic      | 3 9 10 | 10.0
Conjurations   | 7 10 | 10.0
Spellcasting   | 6 10 13 15 | 15.0
Ice Magic      | 2 3 |  3.0
Fire Magic     | 5 10 12 14 15 | 15.9
Translocations | 4 |  4.0
Alchemy        | 4 |  4.0
Fighting       | 2 5 |  5.0
Dodging        | 2 5 |  5.0
Shields        | 4 |  4.0
Armour         | 5 |  5.0
Stealth        | |  1.0

Action                     |  1- 3 |  4- 6 |  7- 9 | 10-12 | 13-15 | 16-18 || total
---------------------------+-------+-------+-------+-------+-------+-------++-------
  Melee: Club              |    46 |       |       |       |       |       ||    46
         Staff             |    28 |   173 |   303 |   209 |   410 |    35 ||  1158
         Demon whip        |       |       |       |     1 |       |       ||     1
  Throw: Throwing net      |       |       |     1 |       |       |       ||     1
   Cast: Static Discharge  |       |       |       |    39 |    20 |       ||    59
         Freezing Cloud    |       |       |       |    38 |   107 |    20 ||   165
         Sticky Flame      |       |       |       |     1 |    98 |     5 ||   104
         Iskenderun's Myst |       |       |       |       |   103 |    52 ||   155
         Iskenderun's Batt |       |       |       |       |    53 |    35 ||    88
         Apportation       |       |       |       |       |    12 |    12 ||    24
         Plasma Beam       |       |       |       |       |    35 |   151 ||   186
 Invoke: Call Merchant     |       |       |     1 |     1 |     1 |     1 ||     4
  Evoke: Wand              |     7 |    13 |    25 |    19 |    12 |       ||    76
         Lightning rod     |       |       |       |       |    10 |     4 ||    14
         Phantom mirror    |       |       |       |       |     1 |       ||     1
    Use: Scroll            |     4 |     3 |    10 |     8 |    10 |    14 ||    49
         Potion            |       |       |     1 |     5 |     6 |     3 ||    15
   Stab: Sleeping          |     1 |     6 |     4 |       |       |       ||    11
         Distracted        |       |       |       |     1 |     1 |       ||     2
 Armour: Leather armour    |    48 |     2 |       |       |       |    23 ||    73
         Robe              |       |   152 |   161 |   247 |   498 |    17 ||  1075
         Skin              |       |       |       |    34 |       |       ||    34
         Steam dragon scal |       |       |       |       |       |   109 ||   109
  Dodge: Dodged            |    46 |   189 |   168 |   157 |   365 |   159 ||  1084
         Repelled          |     1 |     4 |       |     5 |    27 |    27 ||    64
  Block: Buckler           |       |       |       |       |     3 |       ||     3

Table legend: (Time is in decaauts)
 A = Elapsed time spent in this place.
 B = Non-inter-level travel time spent in this place.
 C = Inter-level travel time spent in this place.
 D = Time resting spent in this place.
 E = Time spent auto-exploring this place.
 F = Levels seen in this place.
 G = Mean time per level.
                   A        B        C        D        E       F      G
               +--------+--------+--------+--------+--------+-----+--------+
         Total |  36332 |  34019 |   2313 |  11605 |  14832 |  28 | 1297.6 |
       Dungeon |  17618 |  16361 |   1257 |   4509 |   8077 |  15 | 1174.5 |
        Temple |     58 |     28 |     30 |      0 |      0 |   1 |   58.0 |
          Lair |   9381 |   8734 |    647 |   3590 |   3267 |   5 | 1876.2 |
        Shoals |   5505 |   5310 |    195 |   2506 |   1997 |   4 | 1376.2 |
  Orcish Mines |   3452 |   3269 |    183 |   1000 |   1468 |   2 | 1726.0 |
       Ossuary |    314 |    314 |      0 |      0 |     23 |   1 |  314.0 |
               +--------+--------+--------+--------+--------+-----+--------+

Top non-repeatable levels by time:
  Lair:2: 2644 daAuts
Shoals:2: 2313 daAuts
  Lair:4: 2012 daAuts
    D:13: 1977 daAuts
   Orc:1: 1781 daAuts
     D:9: 1758 daAuts
Shoals:1: 1747 daAuts
  Lair:1: 1698 daAuts
   Orc:2: 1671 daAuts
     D:7: 1667 daAuts
  Lair:5: 1610 daAuts
     D:4: 1591 daAuts
    D:12: 1575 daAuts
  Lair:3: 1416 daAuts
Shoals:3: 1397 daAuts
